 Dungeon Crawl Stone Soup version 0.27.1-37-g7b29ead8ac (console) character file.

Game seed: 17086548611201156047

88 grimtooth the Vexing (level 4, -1/24 HPs)
             Began as a Kobold Enchanter on Mar 18, 2023.
             Slain by an orc (10 damage)
             ... on level 3 of the Dungeon.
             The game lasted 00:08:46 (2164 turns).

grimtooth the Vexing (Kobold Enchanter)             Turns: 2164, Time: 00:08:49

Health: -1/24      AC:  2    Str:  5    XL:     4   Next: 82%
Magic:  5/7        EV: 15    Int: 17    God:
Gold:   101        SH:  0    Dex: 15    Spells: 1/7 levels left

rFire    . . .     SeeInvis .   a - +1 dagger
rCold    . . .     Faith    .   (shield restricted)
rNeg     . . .     Spirit   .   b - +0 robe
rPois    .         Reflect  .   (no helmet)
rElec    .         Harm     .   (no cloak)
rCorr    .         Rampage  .   (no gloves)
Will     .....                  (no boots)
Stlth    ++++......             (no amulet)
HPRegen  0.08/turn              (no ring)
MPRegen  0.10/turn              (no ring)

@: no status effects
A: small, no large weapons, nightstalker 3
a: no special abilities


You were on level 3 of the Dungeon.
You visited 1 branch of the dungeon, and saw 3 of its levels.

You collected 101 gold pieces.

Inventory:

Hand Weapons
 a - a +1 dagger (weapon)
Missiles
 f - 46 stones (quivered)
 k - 10 poisoned darts
Armour
 b - a +0 robe (worn)
Magical Staves
 e - a staff of fire
Scrolls
 c - a scroll of fear {unknown}
 d - 2 scrolls of identify {unknown}
 h - 2 scrolls of immolation {unknown}
 i - a scroll of magic mapping {unknown}
Potions
 g - 2 potions of berserk rage {unknown}
 j - a potion of curing {unknown}


   Skills:
 - Level 1.3 Short Blades
 - Level 2.4 Dodging
 - Level 4.0 Stealth
 - Level 2.1 Spellcasting
 * Level 5.2 Hexes


You had one spell level left.
You knew the following spells:

 Your Spells              Type           Power      Damage    Failure   Level
a - Corona                Hex            21%        N/A       2%          1
e - Ensorcelled Hibernat  Hex/Ice        20%        N/A       10%         2
x - Confusing Touch       Hex            19%        N/A       7%          3

Your spell library contained the following spells:

 Spells                   Type           Power      Damage    Failure   Level
 Tukima's Dance           Hex            19%        N/A       7%          3
 Dazzling Flash           Conj/Hex       20%        N/A       21%         3
 Static Discharge         Conj/Air       1%         N/A       28%         2
 Sticky Flame             Conj/Fire      1%         2d3       88%         4
 Irradiate                Conj/Tmut      0%         3d13      99%         5
 Iron Shot                Conj/Erth      0%         9d1       100%        6


Dungeon Overview and Level Annotations

Branches:
Dungeon (3/15)

Altars:


Innate Abilities, Weirdness & Mutations

You are small and have problems with some larger weapons.
You are completely attuned to the shadows.


Message History

An orc comes into view. It is wielding a +0 war axe.
The helpless orc priest fails to defend itself.
You puncture the orc priest!
You kill the orc priest!
Your Hexes skill increases to level 5!
There is an open door here.
Casting: Ensorcelled Hibernation (safe; 10% risk of failure)
Confirm with . or Enter, or press ? or * to list all spells.
Aiming: Corona (safe; 2% risk of failure)
Press: ? - help, Shift-Dir - straight line, f - orc
Aim: an orc, wielding a +0 war axe and wearing a +0 chain mail (chance to affect: 73%)
The orc is outlined in light.
You hit the orc but do no damage. The orc hits you with a +0 war axe!
You hit the orc but do no damage. The orc hits you with a +0 war axe.
You hit the orc.
The orc is moderately wounded.
The orc hits you with a +0 war axe.
* * * LOW HITPOINT WARNING * * *
You hit the orc but do no damage.
The orc is moderately wounded.
The orc misses you.
There is a stone staircase leading up here.
The orc stops glowing.
Press: ? - help, v - describe, . - travel
Here: an orc, wielding a +0 war axe and wearing a +0 chain mail (moderately wounded)
The floor.
Casting: Corona (safe; 2% risk of failure)
Confirm with . or Enter, or press ? or * to list all spells.
Aiming: Ensorcelled Hibernation (safe; 10% risk of failure)
Press: ? - help, Shift-Dir - straight line, f/p - orc
Aim: an orc, wielding a +0 war axe and wearing a +0 chain mail (moderately wounded, chance to affect: 59%)
Okay, then.
Casting: Ensorcelled Hibernation (safe; 10% risk of failure)
Confirm with . or Enter, or press ? or * to list all spells.
Aiming: Ensorcelled Hibernation (safe; 10% risk of failure)
Press: ? - help, Shift-Dir - straight line, f/p - orc
Aim: an orc, wielding a +0 war axe and wearing a +0 chain mail (moderately wounded, chance to affect: 59%)
The orc resists with significant effort.
The orc hits you with a +0 war axe!
You die...

###############
#........@o...####
#.##########.....#
#.# #....<.....#
#.# #.####.....#
#.# #.....#'####
#.#########.#.#
#...........#.#
#############.#
#.# #.# #.#


You could see an orc.

Vanquished Creatures
  An orc priest (D:3)
  Jessica (D:2)
  A worm (D:2)
  A dart slug (D:1)
  4 ball pythons
  An endoplasm (D:1)
  2 giant cockroaches
  A goblin (D:1)
  2 hobgoblins (D:1)
  3 kobolds
  4 quokkas
  4 frilled lizards
  5 rats
30 creatures vanquished.

Notes
Turn   | Place    | Note
-------+----------+-------------------------------------------
     0 | D:1      | grimtooth the Kobold Enchanter began the quest for the Orb.
     0 | D:1      | Reached XP level 1. HP: 10/10 MP: 3/3
   382 | D:1      | Reached XP level 2. HP: 15/15 MP: 5/5
   584 | D:1      | Got the Grimoire of Arcane Weapons
   954 | D:1      | Reached skill level 4 in Hexes
   954 | D:1      | Reached XP level 3. HP: 19/19 MP: 4/6
  1070 | D:2      | Learned a level 2 spell: Ensorcelled Hibernation
  1074 | D:2      | Learned a level 3 spell: Confusing Touch
  1349 | D:2      | Noticed Jessica
  1353 | D:2      | Killed Jessica
  1354 | D:2      | Reached XP level 4. HP: 24/24 MP: 7/7
  1912 | D:2      | Found a faded altar of an unknown god.
  2136 | D:3      | Reached skill level 5 in Hexes
  2164 | D:3      | Slain by an orc

Illustrated notes

Levels and vault maps discovered:
D:1:      wander_arrival_fairy_ring, layout_rooms
D:2:      layout_loops_ring, shapermc_ecumenical_altar_hornbeckon, uniq_jessica
D:3:      layout_basic

Skill      XL: |  1  2  3  4 |
---------------+-------------+-----
Hexes          | 4 5 |  5.2
Short Blades   | |  1.3
Dodging        | |  2.4
Stealth        | |  4.0
Spellcasting   | |  2.1

Action                   |  1- 3 |  4- 6 || total
-------------------------+-------+-------++-------
Melee: Dagger            |    51 |    28 ||    79
 Cast: Corona            |    16 |     3 ||    19
       Ensorcelled Hiber |     3 |     3 ||     6
 Stab: Sleeping          |     9 |     5 ||    14
Armor: Robe              |     3 |     3 ||     6
Dodge: Dodged            |    39 |    11 ||    50
